 Dungeon Crawl Stone Soup version 0.29.1-12-g30fa7ad0bf (webtiles) character file.

Game seed: 13650708139490370740

387 mopl the Ducker (level 6, 0/53 HPs)
             Began as a Gnoll Monk on Dec 31, 2022.
             Was a Follower of Uskayaw.
             Slain by a gnoll
             ... wielding a +0 club
              (3 damage)
             ... on level 4 of the Dungeon.
             The game lasted 00:05:31 (3798 turns).

mopl the Ducker (Gnoll Monk)                        Turns: 3798, Time: 00:05:33

Health: 0/53       AC:  8    Str: 12    XL:     6   Next: 78%
Magic:  18/18      EV:  4    Int: 15    God:    Uskayaw [*.....]
Gold:   73         SH:  0    Dex: 15    Spells: 9/9 levels left

rFire   . . .      SeeInvis .   a - +0 mace
rCold   . . .      Faith    .   (no shield)
rNeg    . . .      Spirit   .   k - +0 ring mail
rPois   .          Reflect  .   t - +0 helmet
rElec   .          Harm     .   o - +0 cloak
rCorr   .          Rampage  .   l - +0 pair of gloves
Will    .....                   (no boots)
Stlth   ++........              (no amulet)
HPRegen 0.17/turn               h - ring of magical power
MPRegen 0.16/turn               m - +6 ring of intelligence

@: held, constricted
A: fangs 1, strong nose, distributed training
a: Renounce Religion, Stomp


You were on level 4 of the Dungeon.
You worshipped Uskayaw.
Uskayaw was noncommittal.
You visited 1 branch of the dungeon, and saw 5 of its levels.

You collected 172 gold pieces.
You spent 99 gold pieces at shops.

Inventory:

Hand Weapons
 a - a +0 mace (weapon)
Missiles
 r - 2 javelins (quivered)
 s - 2 throwing nets
 y - 6 silver javelins
Armour
 k - a +0 ring mail (worn)
 l - a +0 pair of gloves (worn)
 o - a +0 cloak (worn)
 t - a +0 helmet (worn)
 z - a +0 tower shield
Jewellery
 h - a ring of magical power (left hand)
 m - a +6 ring of intelligence (right hand)
Wands
 j - a wand of roots (7)
Scrolls
 b - 3 scrolls of teleportation {unknown}
 d - a scroll of fear {unknown}
 e - 2 scrolls of identify {unknown}
 i - 2 scrolls of enchant armour {unknown}
 n - a scroll of amnesia {unknown}
 u - a scroll of torment {unknown}
 v - a scroll of vulnerability {unknown}
 x - a scroll of brand weapon {unknown}
Potions
 c - 3 potions of degeneration {unknown}
 f - 3 potions of flight {unknown}
 g - 2 potions of curing {unknown}
 p - a potion of lignification {unknown}
 q - 2 potions of might {unknown}
 w - a potion of attraction {unknown}


   Skills:
 + Level 6.9 Fighting
 + Level 2.2 Short Blades
 + Level 2.2 Long Blades
 + Level 2.2 Axes
 + Level 6.9 Maces & Flails
 + Level 2.2 Polearms
 + Level 2.2 Staves
 + Level 2.2 Ranged Weapons
 + Level 2.2 Throwing
 + Level 2.2 Armour
 + Level 6.9 Dodging
 + Level 4.7 Stealth
 + Level 2.2 Shields
 + Level 2.2 Unarmed Combat
 + Level 2.2 Spellcasting
 + Level 1.7 Conjurations
 + Level 1.7 Hexes
 + Level 1.7 Summonings
 + Level 1.7 Necromancy
 + Level 1.7 Translocations
 + Level 1.7 Transmutations
 + Level 1.7 Fire Magic
 + Level 1.7 Ice Magic
 + Level 1.7 Air Magic
 + Level 1.7 Earth Magic
 + Level 1.7 Poison Magic
 + Level 2.4 Invocations
 + Level 2.2 Evocations


You had 9 spell levels left.
You didn't know any spells.
Your spell library contained the following spells:

 Spells                   Type           Power      Damage    Failure   Level
 Sandblast                Erth           12%        2d6       24%         1
 Passwall                 Tmut/Erth      5%         N/A       34%         2
 Stone Arrow              Conj/Erth      12%        3d7       56%         3
 Summon Guardian Golem    Hex/Summ       6%         N/A       56%         3
 Orb of Destruction       Conj           3%         9d5       100%        7
 Spellforged Servitor     Conj/Summ      3%         N/A       100%        7


Dungeon Overview and Level Annotations

Branches:
Dungeon (5/15)
 Temple: D:4-7

Altars:
Uskayaw

Shops:
D:2 *   D:5 (


Innate Abilities, Weirdness & Mutations

You have very sharp teeth.
Your uncanny sense of smell can sniff out nearby items.
Your experience applies equally to all skills.


Message History

You hear an angry hiss.
A ball python comes into view.
The gnoll throws a throwing net.
The throwing net hits you.
You become entangled in the net!
The gnoll hits you with a +0 club!
The gnoll hits you from afar with a +0 halberd!
You see here a throwing net.
You are held in a net!
You are held in a net!
You are held in a net!
You are held in a net!
You are held in a net!
You are held in a net!
You are held in a net!
You are held in a net!
You are held in a net!
You are held in a net!
You are held in a net!
You are held in a net!
You are held in a net!
You are held in a net!
You are held in a net!
Unknown command.
You struggle against the net.
An endoplasm comes into view.
The gnoll closely misses you.
You struggle against the net.
The gnoll hits you with a +0 flail. The gnoll hits you with a +0 club.
The gnoll closely misses you.
The gnoll hits you from afar with a +0 spear.
You struggle against the net.
The ball python closely misses you. The ball python barely misses you.
The gnoll hits you with a +0 flail! The gnoll barely misses you.
The gnoll closely misses you.
The gnoll hits you from afar with a +0 spear!
* * * LOW HITPOINT WARNING * * *
You struggle against the net.
The ball python barely misses you. The ball python grabs you.
The ball python constricts you.
* * * LOW HITPOINT WARNING * * *
The gnoll hits you with a +0 flail!
* * * LOW HITPOINT WARNING * * *
The gnoll hits you with a +0 club.
You die...

..... #.####..#
.#.#......######........
.......#..#.........##..
.......#..#.........##..
.......#..#.........##..
.......#............##..
.......#.##.........# ..
......S#.##.........# ..
.....gg@.##.........#
.#.....g...#######+##
#....g..#......
+.......#......
#.J.....#......
#.......##.####
......### .# .....#


You could see 4 gnolls, an endoplasm and a ball python.

Vanquished Creatures
  A centaur (D:5)
  A phantom (D:4)
  2 hounds (D:5)
  Jessica (D:2)
  An orc wizard (D:4)
  4 adders (D:2)
  An ufetubus (D:5)
  2 worms (D:2)
  A dart slug (D:1)
  3 orcs
  4 ball pythons
  2 bats
  5 endoplasms
  7 giant cockroaches (D:1)
  6 goblins
  8 hobgoblins
  6 kobolds
  10 quokkas
  4 frilled lizards
  5 rats
74 creatures vanquished.

Notes
Turn   | Place    | Note
-------+----------+-------------------------------------------
     0 | D:1      | mopl the Gnoll Monk began the quest for the Orb.
     0 | D:1      | Reached XP level 1. HP: 23/23 MP: 1/1
    74 | D:1      | Reached XP level 2. HP: 9/29 MP: 2/2
   451 | D:1      | Reached XP level 3. HP: 35/35 MP: 3/3
   638 | D:1      | Reached skill level 1 in Invocations
   873 | D:2      | Reached skill level 1 in Short Blades
   873 | D:2      | Reached skill level 1 in Long Blades
   873 | D:2      | Reached skill level 1 in Axes
   873 | D:2      | Reached skill level 1 in Polearms
   873 | D:2      | Reached skill level 1 in Staves
   873 | D:2      | Reached skill level 1 in Ranged Weapons
   873 | D:2      | Reached skill level 1 in Throwing
   873 | D:2      | Reached skill level 1 in Armour
   873 | D:2      | Reached skill level 1 in Shields
   873 | D:2      | Reached skill level 1 in Unarmed Combat
   873 | D:2      | Reached skill level 1 in Spellcasting
   873 | D:2      | Reached skill level 1 in Evocations
  1277 | D:2      | Reached XP level 4. HP: 29/41 MP: 5/5
  1523 | D:2      | Reached skill level 1 in Conjurations
  1523 | D:2      | Reached skill level 1 in Hexes
  1523 | D:2      | Reached skill level 1 in Summonings
  1523 | D:2      | Reached skill level 1 in Necromancy
  1523 | D:2      | Reached skill level 1 in Translocations
  1523 | D:2      | Reached skill level 1 in Transmutations
  1523 | D:2      | Reached skill level 1 in Fire Magic
  1523 | D:2      | Reached skill level 1 in Ice Magic
  1523 | D:2      | Reached skill level 1 in Air Magic
  1523 | D:2      | Reached skill level 1 in Earth Magic
  1523 | D:2      | Reached skill level 1 in Poison Magic
  1650 | D:2      | You fall into a shaft and drop 2 floors!
  1652 | D:4      | Noticed a phantom
  1657 | D:5      | Entered Level 5 of the Dungeon
  1657 | D:5      | Found Atwo's Weapon Emporium.
  1658 | D:5      | Noticed an ogre
  1718 | D:5      | Noticed an ice beast
  1738 | D:5      | Reached XP level 5. HP: 34/47 MP: 7/7
  1839 | D:5      | Noticed an ogre
  1915 | D:5      | Noticed a centaur
  1939 | D:5      | Killed a centaur
  1954 | D:5      | Reached skill level 2 in Invocations
  1954 | D:5      | Reached XP level 6. HP: 23/53 MP: 8/8
  2170 | D:4      | Reached skill level 2 in Short Blades
  2170 | D:4      | Reached skill level 2 in Long Blades
  2170 | D:4      | Reached skill level 2 in Axes
  2170 | D:4      | Reached skill level 2 in Polearms
  2170 | D:4      | Reached skill level 2 in Staves
  2170 | D:4      | Reached skill level 2 in Ranged Weapons
  2170 | D:4      | Reached skill level 2 in Throwing
  2170 | D:4      | Reached skill level 2 in Armour
  2170 | D:4      | Reached skill level 2 in Shields
  2170 | D:4      | Reached skill level 2 in Unarmed Combat
  2170 | D:4      | Reached skill level 2 in Spellcasting
  2170 | D:4      | Reached skill level 2 in Evocations
  2306 | D:3      | Identified the +1 leather armour "Qiwkeimm" {rElec rC+
                  | Str-4 Dex+6}
  3215 | D:2      | Found Cekko's Assorted Antiques.
  3220 | D:2      | Bought a scroll labelled ZUJETAGYTO for 21 gold pieces
  3220 | D:2      | Bought a scroll labelled VOMOUH ENWEK for 21 gold pieces
  3220 | D:2      | Bought a murky pink potion for 18 gold pieces
  3220 | D:2      | Bought a lumpy inky potion for 18 gold pieces
  3220 | D:2      | Bought a scroll labelled QONIOK KOGUEZA for 21 gold pieces
  3222 | D:2      | Noticed Jessica
  3230 | D:2      | Killed Jessica
  3452 | D:2      | Found a faded altar of an unknown god.
  3455 | D:2      | Prayed at the altar of an unknown god.
  3455 | D:2      | Became a worshipper of Uskayaw the Reveller
  3455 | D:2      | Reached * piety under Uskayaw
  3455 | D:2      | Reached ** piety under Uskayaw
  3798 | D:4      | Slain by a gnoll

Illustrated notes

Levels and vault maps discovered:
D:1:      dpeg_arrival_line_fractal, layout_rooms, minmay_worlds_worst_comb
D:2:      minmay_evil_eye, layout_loops_cross,
          shapermc_ecumenical_altar_hornbeckon, serial_shops, shop, uniq_jessica
D:3:      layout_basic
D:4:      minmay_goblin_kobold_castle, layout_basic, uniq_grinder, uniq_ijyb
D:5:      layout_cave_pools, serial_shops, nicolae_shop_bloodbath_and_beyond,
          cheibrodos_gnoll_hut

Skill      XL: |  1  2  3  4  5  6 |
---------------+-------------------+-----
Invocations    | 1 2 |  2.4
Short Blades   | 1 2 |  2.2
Long Blades    | 1 2 |  2.2
Axes           | 1 2 |  2.2
Polearms       | 1 2 |  2.2
Staves         | 1 2 |  2.2
Ranged Weapons | 1 2 |  2.2
Throwing       | 1 2 |  2.2
Armour         | 1 2 |  2.2
Shields        | 1 2 |  2.2
Unarmed Combat | 1 2 |  2.2
Spellcasting   | 1 2 |  2.2
Evocations     | 1 2 |  2.2
Conjurations   | 1 |  1.7
Hexes          | 1 |  1.7
Summonings     | 1 |  1.7
Necromancy     | 1 |  1.7
Translocations | 1 |  1.7
Transmutations | 1 |  1.7
Fire Magic     | 1 |  1.7
Ice Magic      | 1 |  1.7
Air Magic      | 1 |  1.7
Earth Magic    | 1 |  1.7
Poison Magic   | 1 |  1.7
Fighting       | |  6.9
Maces & Flails | |  6.9
Dodging        | |  6.9
Stealth        | |  4.7

Action                   |  1- 3 |  4- 6 || total
-------------------------+-------+-------++-------
Melee: Mace              |   120 |   146 ||   266
       Bite              |    11 |    18 ||    29
       Punch             |       |     2 ||     2
  Use: Potion            |       |     1 ||     1
 Stab: Sleeping          |     8 |     9 ||    17
       Distracted        |     1 |       ||     1
Armor: Robe              |    18 |     1 ||    19
       Ring mail         |       |    58 ||    58
Dodge: Dodged            |    77 |   127 ||   204
